 Dungeon Crawl Stone Soup version 0.14.2-1-g46dc7f8a84 (webtiles) character file.

5425 Hugehornet the Transmogrifier (level 10, -4/58 HPs)
             Began as an Octopode Transmuter on May 14, 2020.
             Was a Believer of Nemelex Xobeh.
             Slain by a manticore (8 damage)
             ... on Level 11 of the Dungeon.
             The game lasted 00:41:09 (9853 turns).

Hugehornet the Transmogrifier (Octopode Transmuter) Turns: 9853, Time: 00:41:11

HP  -4/58        AC  5     Str  9      XL: 10   Next: 66%
MP  31/33        EV 20     Int 18      God: Nemelex Xobeh [**....]
Gold 47          SH  0     Dex 19      Spells:  5 memorised,  7 levels left

rFire  . . .     SeeInvis .       - Unarmed
rCold  + . .     Clarity  .     (shield currently unavailable)
rNeg   . . .     Conserve .     (helmet currently unavailable)
rPois  .         rCorr    .     p - amulet of resist mutation
rElec  .         rRot     .     n - +1 ring of protection
SustAb . .       Spirit   .     q - cursed ring of regeneration
rMut   +         Warding  .     J - ring of protection from cold
Saprov . . .     Stasis   .     l - ring of poison resistance
MR     .....                    f - +2 ring of protection
                                c - ring of magical power
                                (no ring)
                                (no ring)

@: spider-form, quick, not resistant to hostile enchantments, unstealthy
A: almost no armour, amphibious, 8 rings, (constrict 8), (tentacle spike 0),
(camouflage 0), (gelatinous body 0)
a: End Transformation, Draw One, Peek at Two, Renounce Religion


You were on level 11 of the Dungeon.
You worshipped Nemelex Xobeh.
Nemelex Xobeh was pleased with you.
You were hungry.
You were in spider-form.
You visited 2 branches of the dungeon, and saw 12 of its levels.

You collected 504 gold pieces.
You spent 457 gold pieces at shops.

Inventory:

Missiles
 b - 129 arrows
Armour
 K - a +1 shield
Comestibles
 a - 3 bread rations
 k - a rotting chunk of bat flesh
 m - 3 rotting chunks of elf flesh
 o - 4 rotting chunks of centaur flesh
Scrolls
 g - a scroll of blinking
 h - a scroll of enchant weapon I {unknown}
 j - a scroll of enchant weapon II {unknown}
 t - a scroll of remove curse
 y - a scroll of magic mapping {unknown}
Jewellery
 c - a ring of magical power (on tentacle)
 f - a +2 ring of protection (on tentacle)
 l - a ring of poison resistance (on tentacle)
 n - a +1 ring of protection (left front leg)
 p - an amulet of resist mutation (around neck)
 q - a cursed ring of regeneration (right front leg)
 J - a ring of protection from cold (on tentacle)
Potions
 N - a potion of mutation {unknown}
Books
 d - a book of Changes

   Spells                             Type                      Level
   *Beastly Appendage                 Transmutation                1
   *Sticks to Snakes                  Transmutation                2
   *Spider Form                       Transmutation/Poison         3
   *Ice Form                          Ice/Transmutation            4
   *Blade Hands                       Transmutation                5
 w - a book of Envenomations

   Spells                             Type                      Level
   *Spider Form                       Transmutation/Poison         3
   Poison Weapon                      Charms/Poison                3
   Alistair's Intoxication            Transmutation/Poison         4
   Olgreb's Toxic Radiance            Poison                       4
   Poisonous Cloud                    Conjuration/Poison/Air       6


   Skills:
 - Level 1.0 Fighting
 - Level 2.0 Dodging
 + Level 7.4 Unarmed Combat
 + Level 6.7 Spellcasting
 * Level 8.2 Transmutations
 - Level 3.4 Ice Magic
 - Level 7.0 Poison Magic
 * Level 6.8 Evocations


You had 7 spell levels left.
You knew the following spells:

 Your Spells              Type           Power        Failure   Level  Hunger
a - Beastly Appendage     Trmt           #####.       3%          1    None
b - Sticks to Snakes      Trmt           #####.....   4%          2    None
c - Spider Form           Trmt/Pois      ####......   6%          3    ##.....
d - Ice Form              Ice/Trmt       ####......   28%         4    ####...
e - Blade Hands           Trmt           #####.....   32%         5    #####..


Dungeon Overview and Level Annotations

Branches:
Dungeon (11/15)            Temple (1/1) D:7             Orc (0/4) D:10
   Lair: D:8-11

Altars:
Ashenzari
Cheibriados
Fedhas
Kikubaaqudgha
Makhleb
Nemelex Xobeh
Okawaru
Sif Muna
Trog
Vehumet
Zin
The Shining One

Shops:
D:6 %

Annotations:
D:8 Erolcha


Innate Abilities, Weirdness & Mutations

You cannot wear most types of armour.
You are amphibious.
You can wear up to eight rings at the same time.*
((You can use your tentacles to constrict many enemies at once.))*
((Your skin changes colour to match your surroundings (Stlth).))*
((Your rubbery body absorbs attacks (AC +1).))*
((One of your tentacles bears a spike.))*


Message History

The barbed spikes dig painfully into your body as you move.
You hear a grinding noise.
The barbed spikes dig painfully into your body as you move.
You hear a grinding noise. x2
The manticore flicks its tail!
The volley of spikes skewers you!
The barbed spikes become lodged in your body.
The barbed spikes dig painfully into your body as you move.
You hear a grinding noise. x3
You hit the manticore but do no damage. The manticore bites you!
* * * LOW HITPOINT WARNING * * *
The manticore barely misses you. x2
You hear a grinding noise. x2
You are too injured to fight recklessly!
You hit the manticore.
The manticore is poisoned.
The manticore is lightly wounded.
The manticore bites you!
* * * LOW HITPOINT WARNING * * *
The manticore completely misses you. The manticore claws you!
You die...
Your body disappears without a glow.

###....# #.....##.# .# .###
#.# #+#... #####.# ..
....... #...#.. #.. .......
+...... #..# ....... #.....#
#..#+#H......# ###....
#....s.......#####....
#.....$..........#.... .
#................#.... ...
#................#.... ....
+.........>...........
#.....#.....#######....#####
.........#### #....#
.....###.# #....# ### #.#
###'##


You could see a manticore.

Vanquished Creatures
  A troll (D:9)
  Prince Ribbit (D:8)
  A wyvern (D:9)
  A human (D:7)
  2 deep elf magi
  A hungry ghost (D:9)
  7 yaks
  A hill giant skeleton (D:7)
  A water moccasin (D:10)
  A necrophage (D:7)
  2 ice beasts
  A black bear (D:6)
  3 phantoms
  6 centaurs
  2 ogres
  Duvessa (D:8)
  3 giant frogs
  3 eyes of draining (D:6)
  3 killer bees (D:9)
  2 scorpions
  Dowan (D:8)
  A crimson imp (D:5)
  An elf zombie (D:9)
  A giant frog zombie (D:9)
  A centaur zombie (D:5)
  4 hounds
  3 jellies
  4 orc wizards
  A giant frog skeleton (D:9)
  4 iguanas
  2 worker ants
  3 sheep (D:7)
  An ogre skeleton (D:8)
  A scorpion zombie (D:7)
  2 shadow imps
  9 adders
  2 giant mites (D:5)
  4 worms
  An orc zombie (D:9)
  A giant eyeball (D:4)
  4 giant geckos
  7 oozes
  11 orcs
  A ball python (D:2)
  18 bats
  5 giant cockroaches
  16 goblins
  6 hobgoblins
  5 quokkas
  2 giant newts
  A goblin skeleton (D:4)
  A hobgoblin skeleton (D:4)
  A hobgoblin zombie (D:7)
  13 jackals
  13 kobolds
  A kobold skeleton (D:7)
  11 rats
  2 ballistomycetes (D:10)
208 creatures vanquished.

Vanquished Creatures (collateral kills)
  A crocodile (D:10)
  3 orcs (D:10)
4 creatures vanquished.

Vanquished Creatures (others)
  4 orcs (D:10)
  A giant spore (D:10)
5 creatures vanquished.

Grand Total: 217 creatures vanquished

Notes
Turn   | Place    | Note
--------------------------------------------------------------
     0 | D:1      | Hugehornet, the Octopode Transmuter, began the quest for the Orb.
     0 | D:1      | Reached XP level 1. HP: 13/13 MP: 3/3
   209 | D:1      | Reached XP level 2. HP: 18/18 MP: 1/4
   213 | D:1      | Learned a level 2 spell: Sticks to Snakes
   670 | D:2      | Reached XP level 3. HP: 17/23 MP: 4/6
   694 | D:2      | Learned a level 3 spell: Spider Form
  1225 | D:2      | Noticed a phantom
  1634 | D:2      | Reached skill level 1 in Poison Magic
  1634 | D:2      | Reached XP level 4. HP: 28/28 MP: 6/8
  1848 | D:3      | Found an iron altar of Okawaru.
  2505 | D:4      | Paralysed by a giant eyeball for 4 turns
  2684 | D:4      | Reached XP level 5. HP: 30/33 MP: 7/11
  3108 | D:5      | Entered Level 5 of the Dungeon
  3140 | D:5      | Noticed a centaur
  3156 | D:5      | Killed a centaur
  3156 | D:5      | Reached skill level 4 in Poison Magic
  3156 | D:5      | Reached XP level 6. HP: 10/38 MP: 10/13
  3496 | D:5      | Reached skill level 5 in Poison Magic
  3563 | D:5      | Reached XP level 7. HP: 43/43 MP: 11/15
  3716 | D:6      | Found Ocwiuv Psih's Food Shoppe.
  3758 | D:6      | Found a bloodstained altar of Trog.
  3776 | D:6      | Reached skill level 6 in Poison Magic
  3797 | D:6      | Found a snail-covered altar of Cheibriados.
  3933 | D:6      | Found a blossoming altar of Fedhas.
  4087 | D:6      | Reached skill level 5 in Unarmed Combat
  4151 | D:6      | Reached skill level 7 in Poison Magic
  4151 | D:6      | Reached XP level 8. HP: 37/48 MP: 12/18
  4460 | D:7      | Found a blossoming altar of Fedhas.
  4728 | D:7      | Reached skill level 5 in Spellcasting
  4828 | D:7      | Learned a level 4 spell: Ice Form
  4875 | D:7      | Found a glowing silver altar of Zin.
  4947 | D:7      | Reached skill level 5 in Transmutations
  4947 | D:7      | Reached skill level 1 in Ice Magic
  5057 | D:7      | Found a staircase to the Ecumenical Temple.
  5085 | Temple   | Entered the Ecumenical Temple
  5093 | Temple   | Became a worshipper of Nemelex Xobeh the Trickster
  5104 | Temple   | Received a gift from Nemelex Xobeh
  5190 | D:7      | Acquired Nemelex Xobeh's first power
  5264 | D:7      | Reached XP level 9. HP: 28/53 MP: 21/21
  5776 | D:8      | Noticed Duvessa
  5776 | D:8      | Noticed Dowan
  5902 | D:8      | Noticed Erolcha
  6169 | D:8      | Noticed Prince Ribbit
  6188 | D:8      | Killed Prince Ribbit
  6310 | D:8      | Learned a level 5 spell: Blade Hands
  6384 | D:8      | Reached skill level 1 in Evocations
  6536 | D:8      | Killed Duvessa
  6558 | D:8      | Killed Dowan
  7346 | D:9      | Reached XP level 10. HP: 49/58 MP: 24/24
  7487 | D:9      | Reached skill level 5 in Evocations
  8213 | D:10     | Entered Level 10 of the Dungeon
  8232 | D:10     | Received a gift from Nemelex Xobeh
  8321 | D:10     | Received a gift from Nemelex Xobeh
  8394 | D:10     | Gained mutation: One of your tentacles bears a spike. [potion of beneficial mutation]
  8409 | D:10     | Found a staircase to the Orcish Mines.
  8433 | D:10     | Reached skill level 8 in Transmutations
  8732 | D:10     | Acquired Nemelex Xobeh's second power
  8737 | D:10     | Received a gift from Nemelex Xobeh
  9083 | D:10     | HP: 2/69 [something (2)]
  9239 | D:6      | Bought a bread ration for 61 gold pieces
  9239 | D:6      | Bought a bread ration for 61 gold pieces
  9239 | D:6      | Bought a bread ration for 61 gold pieces
  9239 | D:6      | Bought a slice of pizza for 21 gold pieces
  9239 | D:6      | Bought a bread ration for 61 gold pieces
  9239 | D:6      | Bought a bread ration for 61 gold pieces
  9239 | D:6      | Bought a bread ration for 61 gold pieces
  9239 | D:6      | Bought a meat ration for 70 gold pieces
  9846 | D:11     | Noticed a manticore
  9853 | D:11     | Slain by a manticore

Action                   |  1- 3 |  4- 6 |  7- 9 | 10-12 || total
-------------------------+-------+-------+-------+-------++-------
Melee: Unarmed           |    64 |   139 |   379 |   170 ||   752
 Cast: Beastly Appendage |    18 |    30 |    44 |     8 ||   100
       Spider Form       |       |     3 |    14 |     6 ||    23
       Ice Form          |       |       |       |     9 ||     9
 Abil: End Transformatio |       |       |     2 |     3 ||     5
Evoke: Deck              |       |       |    12 |    30 ||    42
  Use: Scroll            |       |     7 |     9 |     9 ||    25
       Potion            |       |     1 |     5 |     6 ||    12
 Stab: Sleeping          |     1 |     3 |     2 |       ||     6
       Confused          |       |       |     2 |       ||     2
       Invisible         |       |       |       |     1 ||     1
